 Dungeon Crawl Stone Soup version 0.28-a0-773-g130ae17fe5 (webtiles) character file.

Game seed: 6716928008483753049

196 karkarkar the Chopper (level 5, -4/47 HPs)
             Began as a Minotaur Fighter on Nov 1, 2021.
             Killed by divine providence
             ... invoked by an orc priest
              (10 damage)
             ... on level 3 of the Dungeon.
             The game lasted 00:06:18 (2740 turns).

karkarkar the Chopper (Minotaur Fighter)            Turns: 2740, Time: 00:06:19

Health: -4/47      AC:  3    Str: 21    XL:     5   Next: 46%
Magic:  4/4        EV: 11    Int:  5    God:
Gold:   34         SH:  4    Dex: 10    Spells: 4/4 levels left

rFire   . . .      SeeInvis .   a - +0 war axe
rCold   . . .      Faith    .   c - +0 buckler
rNeg    . . .      Spirit   .   g - +0 leather armour {rPois}
rPois   +          Reflect  .   (helmet restricted)
rElec   .          Harm     .   (no cloak)
rCorr   .          Rampage  .   (no gloves)
Will    .....                   (no boots)
Stlth   +.........              (no amulet)
HPRegen 0.15/turn               (no ring)
MPRegen 0.09/turn               (no ring)

@: no status effects
A: horns 2, retaliatory headbutt
a: no special abilities


You were on level 3 of the Dungeon.
You visited 1 branch of the dungeon, and saw 3 of its levels.

You collected 34 gold pieces.

Inventory:

Hand Weapons
 a - a +0 war axe (weapon)
Missiles
 i - 3 javelins
 j - 6 boomerangs (quivered)
Armour
 b - a +0 scale mail
 c - a +0 buckler (worn)
 g - a +0 leather armour of poison resistance (worn)
Scrolls
 d - 2 scrolls of teleportation
 l - a scroll of fear
Potions
 f - 2 potions of lignification {unknown}
 h - 2 potions of haste {unknown}
 m - a potion of magic {unknown}


   Skills:
 + Level 4.4 Fighting
 * Level 5.1 Axes
 + Level 1.3 Throwing
 + Level 4.3 Armour
 + Level 1.2 Dodging
 - Level 4.0 Shields


You had 4 spell levels left.
You didn't know any spells.
Your spell library was empty.

Dungeon Overview and Level Annotations

Branches:
Dungeon (3/15)

Altars:


Innate Abilities, Weirdness & Mutations

You have a pair of horns on your head.
You reflexively headbutt those who attack you in melee.


Message History

The orc priest mumbles some strange prayers to Beogh against you.
Beogh smites you!
You feel sick. The adder barely misses you.
You feel sick.
You are no longer poisoned.
You miss the adder. The adder bites you but does no damage.
The orc priest looks encouraged for a moment.
The adder bites you.
You are poisoned.
The adder poisons you!
You hit the adder but do no damage.
You feel sick. The adder misses you.
You barely miss the adder. You headbutt the adder.
The adder is moderately wounded.
You feel sick. The adder barely misses you. You furiously retaliate!
You headbutt the adder!
You kill the adder!
The orc priest looks encouraged for a moment.
The orc priest calls down the wrath of Beogh upon you.
Beogh smites you!
Your Dodging skill increases to level 1!
Unknown command.
You feel sick.
You are no longer poisoned.
The orc priest invokes the aid of Beogh against you.
Beogh smites you!
* * * LOW HITPOINT WARNING * * *
You see here an adder corpse.
You hit the orc priest. You headbutt the orc priest!
The orc priest is severely wounded.
You barely miss the orc. Your headbutt misses the orc.
The orc barely misses you.
You barely miss the orc. You block the orc's attack.
You closely miss the orc. You headbutt the orc.
You kill the orc!
You block the orc priest's attack.
You closely miss the orc priest. Your headbutt misses the orc priest.
The orc priest is severely wounded.
The orc priest mumbles some strange prayers to Beogh against you.
Beogh smites you!
You die...

#.#.............##......
#.'.............##......
###.....................
#....................#
#####.########.......#
#..#.# #.......#
#######..#.# #.......#
.........#.# #.......#
...(.....#@# #.......#
.........#o# #.......#
.......#..o# #.......#
.....o...#.# #
.......#...# #
.........#.#
.......#...# .
.........#.# .
.......#...# .


You could see an orc priest and an orc.

Vanquished Creatures
  Robin (D:2)
  3 adders
  8 gnolls
  A worm (D:2)
  A dart slug (D:1)
  2 orcs (D:3)
  6 bats
  6 endoplasms
  A giant cockroach (D:2)
  12 goblins
  6 hobgoblins
  6 jackals
  2 quokkas (D:2)
  7 ball pythons
  4 frilled lizards
  4 kobolds
  6 rats
76 creatures vanquished.

Notes
Turn   | Place    | Note
-------+----------+-------------------------------------------
     0 | D:1      | karkarkar the Minotaur Fighter began the quest for the Orb.
     0 | D:1      | Reached XP level 1. HP: 19/19 MP: 0/0
   348 | D:1      | Reached XP level 2. HP: 24/27 MP: 1/1
   638 | D:1      | Reached skill level 3 in Axes
   639 | D:1      | Reached XP level 3. HP: 21/33 MP: 2/2
   877 | D:2      | Noticed Robin
  1152 | D:2      | Killed Robin
  1351 | D:2      | Reached XP level 4. HP: 28/40 MP: 3/3
  1553 | D:2      | Reached skill level 4 in Axes
  2349 | D:3      | Reached skill level 1 in Throwing
  2351 | D:3      | Reached XP level 5. HP: 47/47 MP: 4/4
  2358 | D:3      | Reached skill level 5 in Axes
  2735 | D:3      | Reached skill level 1 in Dodging
  2740 | D:3      | Killed from afar by an orc priest

Illustrated notes

Levels and vault maps discovered:
D:1:      co_arrival_random_square_maze, layout_rooms
D:2:      layout_basic, kennysheep_generic_room_11, uniq_robin
D:3:      layout_basic, ebering_ecumenical_altar_mist, minmay_misc_feat_pillars,
          kennysheep_generic_room_4

Skill      XL: |  1  2  3  4  5 |
---------------+----------------+-----
Shields        | 4 |  4.0
Armour         | 4 |  4.3
Fighting       | 4 |  4.4
Axes           | 3 4 5 |  5.1
Throwing       | 1 |  1.3
Dodging        | 1 |  1.2

Action                   |  1- 3 |  4- 6 || total
-------------------------+-------+-------++-------
Melee: War axe           |    69 |    39 ||   108
       Headbutt          |    10 |     8 ||    18
Throw: Javelin           |     9 |     8 ||    17
       Boomerang         |     7 |    18 ||    25
  Use: Potion            |     1 |       ||     1
       Scroll            |       |     3 ||     3
Armor: Scale mail        |     3 |       ||     3
       Leather armour    |    21 |     8 ||    29
Dodge: Dodged            |    53 |    29 ||    82
Block: Buckler           |    16 |     7 ||    23

Table legend: (Time is in decaauts)
 A = Elapsed time spent in this place.
 B = Non-inter-level travel time spent in this place.
 C = Inter-level travel time spent in this place.
 D = Time resting spent in this place.
 E = Time spent auto-exploring this place.
 F = Levels seen in this place.
 G = Mean time per level.
                   A        B        C        D        E       F      G
               +--------+--------+--------+--------+--------+-----+--------+
         Total |   2790 |   2738 |     52 |    853 |   1428 |   3 |  930.0 |
       Dungeon |   2790 |   2738 |     52 |    853 |   1428 |   3 |  930.0 |
               +--------+--------+--------+--------+--------+-----+--------+

Top non-repeatable levels by time:
     D:2: 1276 daAuts
     D:1: 1103 daAuts
     D:3: 411 daAuts
